 Dungeon Crawl Stone Soup version 0.18-a0-846-g91b95b1 (webtiles) character file.

161 wvc the Cudgeler (level 5, -4/41 HPs)
             Began as a Mummy Fighter on Dec 20, 2015.
             Killed by divine providence
             ... invoked by an orc priest
              (13 damage)
             ... on level 3 of the Dungeon.
             The game lasted 00:04:01 (2309 turns).

wvc the Cudgeler (Mummy Fighter)                    Turns: 2309, Time: 00:04:01

Health: -4/41      AC:  6    Str: 19    XL:     5   Next: 19%
Magic:  5/5        EV:  7    Int:  8    God:
Gold:   95         SH: 10    Dex: 12    Spells: 0 memorised, 4 levels left

rFire  x . .     SeeInvis .     i - +0 morningstar
rCold  + . .     Gourm    .     b - +0 scale mail
rNeg   + + +     Faith    .     c - +0 shield
rPois  ∞         Spirit   .     (no helmet)
rElec  .         Dismiss  .     (no cloak)
rCorr  .         Reflect  +     (no gloves)
SustAt .         Harm     .     (no boots)
MR     .....                    k - +2 amulet of reflection
Stlth  ..........               (no ring)
                                (no ring)

@: not resistant to hostile enchantments, extremely unstealthy
A: no food or potions, fire vulnerability, cold resistance 1, negative energy
resistance 3, torment resistance, unbreathing
a: no special abilities


You were on level 3 of the Dungeon.
You were not hungry.

You visited 1 branch of the dungeon, and saw 3 of its levels.

You collected 95 gold pieces.

Inventory:

Hand Weapons
 a - a +0 flail
 i - a +0 morningstar (weapon)
Missiles
 f - 71 stones (quivered)
Armour
 b - a +0 scale mail (worn)
 c - a +0 shield (worn)
Jewellery
 h - an uncursed ring of flight
 k - a +2 amulet of reflection (around neck)
Wands
 e - a wand of flame (23/48)
Scrolls
 d - 5 scrolls of remove curse
 g - a scroll of teleportation
 j - a scroll of fog


   Skills:
 - Level 3.0 Fighting
 * Level 4.1 Maces & Flails
 - Level 2.4 Armour
 - Level 1.3 Dodging
 - Level 2.4 Shields


You had 4 spell levels left.
You didn't know any spells.

Dungeon Overview and Level Annotations

Branches:
Dungeon (3/15)

Altars:
Gozag
Nemelex Xobeh
Pakellas
Vehumet
Xom
Yredelemnul
Zin
The Shining One


Innate Abilities, Weirdness & Mutations

You do not eat or drink.
Your flesh is vulnerable to fire.
You are immune to poison.
Your flesh is cold resistant.
You are immune to negative energy.
You are immune to unholy pain and torment.
You can survive without breathing.


Message History

You hit the orc.
You kill the orc!
The orc priest hits you with a short sword.
You closely miss the orc priest.
The orc priest casts a cantrip, but nothing happens.
You block the orc priest's attack.
You closely miss the orc priest.
The goblin appears out of thin air!
The orc priest calls down the wrath of Beogh upon you.
Something smites you!
* * * LOW HITPOINT WARNING * * *
The goblin shouts!
You are too injured to fight recklessly!
You are too injured to fight recklessly!
You are too injured to fight recklessly!
You are too injured to fight recklessly!
You sock the orc priest!
The orc priest is heavily wounded.
The orc priest calls down the wrath of Beogh upon you.
Something smites you!
You die...

#......##..####
#..........##..
#.....r###.##.#
#.....†# #.##.#
##....o.# #.o... #.#
#......<########
#.##)###....##......
#.#.# ##.####.##.##
#.#@# #.# #> #...
#.#o## #.# ##.##.##
#.##g###.# ......##
##†###...###.##......
#.#.......%........#g
##.####..###..###.#..
### #..###..###...g
#....#......#..
##....#.######g


You could see an orc priest and a goblin.

Vanquished Creatures
  A big kobold (D:2)
  2 adders (D:2)
  An ooze (D:1)
  3 worms
  4 giant geckos
  4 orcs (D:3)
  5 giant cockroaches
  4 goblins
  5 hobgoblins
  2 ball pythons
  2 bats
  2 giant newts
  9 kobolds
  4 quokkas
  8 rats
56 creatures vanquished.

Notes
Turn   | Place    | Note
--------------------------------------------------------------
     0 | D:1      | wvc the Mummy Fighter began the quest for the Orb.
     0 | D:1      | Reached XP level 1. HP: 18/18 MP: 1/1
    73 | D:1      | Reached XP level 2. HP: 20/24 MP: 2/2
   664 | D:2      | Reached XP level 3. HP: 25/29 MP: 3/3
  1028 | D:2      | Found an oddly glowing altar of Pakellas.
  1195 | D:2      | Found an opulent altar of Gozag.
  1328 | D:2      | Found a shimmering altar of Xom.
  1337 | D:2      | Found a basalt altar of Yredelemnul.
  1349 | D:2      | Found a glowing silver altar of Zin.
  1352 | D:2      | Found a sparkling altar of Nemelex Xobeh.
  1703 | D:2      | Reached XP level 4. HP: 26/35 MP: 4/4
  1914 | D:3      | Found a glowing golden altar of the Shining One.
  1934 | D:3      | Found a radiant altar of Vehumet.
  1985 | D:3      | Noticed a big kobold
  2035 | D:2      | Killed a big kobold
  2035 | D:2      | Reached skill level 4 in Maces & Flails
  2035 | D:2      | Reached skill level 1 in Dodging
  2035 | D:2      | Reached XP level 5. HP: 21/41 MP: 5/5
  2309 | D:3      | Killed from afar by an orc priest

Vault maps used:
D:1:      onia_arrival_handbag
D:2:      grunt_pakellas_mercury, grunt_temple_overflow_cloverleaf,
          nicolae_gozag_seed_capital
D:3:      lemuel_round_altar, vehumet_altar_wand_db

Action                   |  1- 3 |  4- 6 || total
-------------------------+-------+-------++-------
Melee: Flail             |    85 |       ||    85
       Morningstar       |    39 |    55 ||    94
Throw: Stone             |     9 |       ||     9
Evoke: Wand              |       |     2 ||     2
  Use: Scroll            |       |     4 ||     4
